← All builds
Suicide front / Cortex / Economy first / OBSERVED BUILD

Standard suicide front

The role's baseline bot lab opening: secure mexes, push out Thugs, Aggravators and Grunts to contest the middle and hold until T2 arrives.

#rush · 353 distinct matches · 76 players · 67% of Cortex Suicide front games · team won 51% of 366 · Recently observed

HOW TO PLAY IT

Key timing: Bot Lab by 0:34

  1. Take 3 mex, then rush a Bot Lab immediately for early army.
  2. Finish Bot Lab, start pumping Thug, Grunt and Aggravator.
  3. Push units to middle to contest and secure reclaim early.
  4. Add Advanced Metal Extractor to keep economy scaling with the fight.
  5. Hold middle with bots until T2 reinforcements arrive from Geo.

Phase by phase

TYPICAL OF ITS 353 GAMES
  1. 1
  2. 2
  3. 3
PLAY THE OPENING

Follow the example game's first 6:00 step by step: what to build now, what comes next, and where it goes. At 1× it keeps pace with your own game.

  1. 1

    Up to the Bot Lab

    Economy
    • Metal Extractor1Mex
    Order
    1. Bot LabBot Lab after 1 mexdone ~0:34, middle half 0:26–0:44

    By 0:17 in all: 1 mex

    The example game in this phase · 2 steps
    1. Mex
    2. Bot LabBot Labdone 0:27 · typical 0:34
  2. 2

    Bot Lab to 5:00

    Economy
    • Metal Extractor4Mex
    • Wind Turbine3Wind
    Builders
    • Graverobber4 Graverobber
    • Construction Bot3 Con bot
    Army
    • Guard3 Guard
    • Thug14 Thug
    • Grunt3 Grunt
    • Aggravator2 Aggravator
    Other
    • Radar Tower1 Radar Tower

    By 5:00 in all: 5 mex · 3 wind

    The example game in this phase · 24 steps
    1. Wind
    2. GraverobberGraverobber ×2
    3. GruntGrunt ×2
    4. Construction BotCon bot ×2
    5. GuardGuard
    6. Construction BotCon bot
    7. Radar TowerRadar Tower
    8. ThugThug
    9. Mex ×2
    10. ThugThug ×2
    11. Mex ×2
    12. ThugThug
    13. GuardGuard
    14. ThugThug
    15. GuardGuard
    16. ThugThug
    17. Dragon's TeethDragon's Teeth
    18. ThugThug
    19. Dragon's TeethDragon's Teeth ×5
    20. ThugThug
    21. Dragon's TeethDragon's Teeth ×2
    22. ThugThug ×12
    23. AggravatorAggravator ×5
    24. Construction BotCon bot
  3. 3

    5:00 to 10:00

    Economy
    • Metal Extractor1Mex
    • Wind Turbine14Wind
    Builders
    • Construction Turret2 Con turret
    • Graverobber2 Graverobber
    • Construction Bot1 Con bot
    Army
    • Guard1 Guard
    • Thug6 Thug
    • Grunt3 Grunt

    Some games also: aggravator (50%) · energy storage (47%) · Radar Tower (44%) · Twin Guard (31%) · converter (30%)

    By 10:00 in all: 6 mex · 18 wind · 1 energy storage · 2 con turret

    The example game in this phase · 120 steps
    1. Wind
    2. Con turret
    3. ThugThug
    4. Wind
    5. ThugThug ×2
    6. Wind
    7. ThugThug
    8. Wind
    9. ThugThug ×2
    10. GuardGuard
    11. Wind
    12. ThugThug ×2
    13. Wind
    14. ThugThug ×2
    15. Construction BotCon bot
    16. Con turret
    17. Wind
    18. ThugThug ×3
    19. Wind
    20. ThugThug
    21. Energy storage
    22. ThugThug
    23. Con turret
    24. Wind
    25. ThugThug
    26. Wind ×3
    27. ThugThug
    28. Wind
    29. ThugThug
    30. Wind ×2
    31. ThugThug
    32. Wind ×2
    33. WardenWarden
    34. Wind
    35. ThugThug
    36. Wind ×9
    37. GruntGrunt ×2
    38. Wind
    39. GruntGrunt ×2
    40. Con turret
    41. GruntGrunt ×2
    42. Wind
    43. GruntGrunt ×3
    44. Wind
    45. GruntGrunt ×4
    46. Converter
    47. GruntGrunt ×4
    48. Converter
    49. GruntGrunt ×3
    50. Wind
    51. GruntGrunt ×3
    52. Wind
    53. GruntGrunt
    54. Twin GuardTwin Guard
    55. GruntGrunt
    56. Wind
    57. GruntGrunt ×3
    58. Advanced Metal ExtractorT2 mexdone 12:03 · typical 9:42
    59. GruntGrunt
    60. Wind
    61. GruntGrunt
    62. Converter
    63. Dragon's TeethDragon's Teeth ×2
    64. Wind
    65. Dragon's TeethDragon's Teeth
    66. GruntGrunt
    67. Mex
    68. Wind
    69. GruntGrunt
    70. Converter
    71. Wind
    72. GruntGrunt ×5
    73. Wind ×2
    74. Advanced Metal ExtractorT2 mex
    75. GruntGrunt
    76. Twin GuardTwin Guard
    77. Wind
    78. Converter
    79. Wind ×4
    80. GruntGrunt ×2
    81. Wind
    82. GruntGrunt
    83. Advanced Metal ExtractorT2 mex
    84. GruntGrunt
    85. Wind
    86. Converter
    87. GruntGrunt
    88. Wind
    89. GruntGrunt
    90. Wind
    91. GruntGrunt
    92. Wind ×3
    93. GruntGrunt ×2
    94. Wind
    95. GruntGrunt ×2
    96. Converter
    97. Construction BotCon bot
    98. Wind
    99. Construction BotCon bot
    100. Wind
    101. Advanced Metal ExtractorT2 mex
    102. GruntGrunt ×7
    103. Converter
    104. GruntGrunt
    105. Wind
    106. Con turret
    107. GruntGrunt
    108. Converter
    109. GruntGrunt
    110. Converter
    111. GruntGrunt ×6
    112. Wind
    113. GruntGrunt ×9
    114. Wind
    115. GruntGrunt
    116. Pit BullPit Bull
    117. Converter
    118. GruntGrunt ×9
    119. Wind
    120. GruntGrunt

Counts are medians over the build's games: half of them build more, half fewer. The example game is GuiTou's (35 OS, 29/08/2026); pick another.

Team trades

IN AT LEAST 30% OF ITS GAMES

You hand over

Nothing regular.

You get

  • Tidal Generator4 Tidal from Pondfirst at 0:10 · in 69% of games
  • Advanced Construction Bot1 T2 con bot from Geo or Techfirst at 7:32 · in 57% of games

How it plays out

Typical game of this build, running totals by minute

Metal produced

010k20k
0:005:0010:0015:00

metal

Enemy metal destroyed

05k10k
0:005:0010:0015:00

metal

Own metal lost

05k10k15k
0:005:0010:0015:00

metal

366 games.

Show as table
ByMetal produced: This buildEnemy metal destroyed: This buildOwn metal lost: This build
1:0027300
2:0095600
3:002058191130
4:003151663628
5:00432816971420
6:00553425652380
7:00676835643465
8:00797145054456
9:00923451865453
10:001045058116293
11:001194662887124
12:001361268158150
13:001530674618924
14:001705482219879
15:0018776887210532
WHAT THE NUMBERS SAY

This is the role's baseline aggressive job, winning half its games while both dealing and taking heavy metal losses fighting at middle.

  • + Fastest Bot Lab of any role (0:34), gets units fighting almost immediately.
  • + Destroys 8805 enemy metal by 15:00 through constant middle pressure.
  • − Loses 10461 own metal by 15:00, more than it destroys.
  • − Metal production lags behind other front role at 18297 by 15:00.
THE EXAMPLE YOU ARE READING

GuiTou

35.3 OS · 29/08/2026

Open source match ↗

6 received units · includes a constructor
204 metal received · 15618 energy received

Allied construction assistance is unknown. Timings are observations, not a promise of solo reproducibility.

Typical milestones

Bot Lab0:34Middle 50%: 0:26–0:44 · n=362
Advanced Metal Extractor9:42Middle 50%: 8:46–10:57 · n=238

Played most by

_X_59games of this build_Hawkey_34games of this buildGuiTou23games of this buildImmort23games of this buildViltrum22games of this build

Supporting games

Pick a game to read and play it above.

_Hawkey_25/09/2026 · 60 OS↗_Hawkey_25/09/2026 · 60 OS↗Erilium25/09/2026 · 46 OS↗Erilium25/09/2026 · 46 OS↗Kcorp25/09/2026 · 50 OS↗_Hawkey_25/09/2026 · 61 OS↗[Crd]Acquati24/09/2026 · 36 OS↗Gieds24/09/2026 · 47 OS↗GuiTou29/08/2026 · 35 OS↗
32 more of 358, the most recentMischievousDragonGF24/09/2026 · 43 OS↗xabre24/09/2026 · 48 OS↗SkyFireEX23/09/2026 · 37 OS↗[Grump]Atlasfailed23/09/2026 · 36 OS↗UsurpeR23/09/2026 · 43 OS↗_X_23/09/2026 · 44 OS↗Rosie23/09/2026 · 35 OS↗I_pawngame_u23/09/2026 · 37 OS↗SauceDispenser23/09/2026 · 35 OS↗[GerBoyz]Stinkfisch23/09/2026 · 39 OS↗[Grump]Atlasfailed23/09/2026 · 36 OS↗Ariah23/09/2026 · 43 OS↗[GerBoyz]Stinkfisch22/09/2026 · 39 OS↗[GerBoyz]Stinkfisch22/09/2026 · 38 OS↗[GerBoyz]Stinkfisch22/09/2026 · 38 OS↗[GerBoyz]Stinkfisch22/09/2026 · 38 OS↗SauceDispenser22/09/2026 · 36 OS↗theBeauty21/09/2026 · 38 OS↗PlatinumBlonde21/09/2026 · 58 OS↗theBeauty21/09/2026 · 38 OS↗[Grump]Atlasfailed20/09/2026 · 36 OS↗GuiTou20/09/2026 · 36 OS↗Kcorp20/09/2026 · 51 OS↗I_pawngame_u20/09/2026 · 37 OS↗I_pawngame_u20/09/2026 · 37 OS↗Rexalidus20/09/2026 · 37 OS↗GuiTou19/09/2026 · 36 OS↗[Grump]Atlasfailed19/09/2026 · 36 OS↗derkarl19/09/2026 · 36 OS↗derkarl19/09/2026 · 36 OS↗_Hawkey_19/09/2026 · 58 OS↗[Grump]Atlasfailed18/09/2026 · 36 OS↗
Supreme Isthmus v2.1
Beyond All Reason test-31115-21dbf79
Naval balance tweaks on